Map: Ascension to Aiur LE

Players

Brandy - Winner!

  • Race: Terran Terran
  • League: Gold
  • Spawn Location: 5:00

Juxtapose

  • Race: Zerg Zerg
  • Spawn Location: 11:00

VOD

https://youtu.be/zdSLd9EbUoo

Description

This was another really fun match, and I'm pleased with how well I held out against my Terran opponent.

I've found in Unranked so far that many of my opponents don't scout for Expansions early beyond your natural, but apparently Brandy does!

So my major mistakes in this match, as far as I can tell, is not expanding to my natural sooner, overextending while trying to take down his second expansion, and I'm thinking making an Infestation Pit instead of a Hydralisk Den would have worked better, as his units made a nice Fungal Growth target coming up my ramp.

Time

  • Played on: May 14, 2017, 11:49 a.m.
  • Length: 12:01
Show
View Real Time Build Order
Export as new Build Order

Brandy Terran - Winner!

Build Orders: MMM Bio 

Get SALT Encoding   

  12  0:00  SCV  
  13  0:13  SCV  
  14  0:18  Supply Depot  
  14  0:25  SCV  
  15  0:35  Refinery  
  15  0:40  SCV  
  16  0:45  Barracks  
  16  0:54  SCV  
  17  0:58  Supply Depot  
  17  1:08  SCV  
  18  1:20  SCV  
  19  1:32  SCV  
  19  1:34  Reaper  
  21  1:45  SCV  
  22  2:04  Command Center  
  22  2:05  Marine  
  22  2:07  Factory  
  23  2:20  Orbital Command  
  23  2:24  Supply Depot  
  23  2:26  Marine  
  24  2:35  Bunker  
  24  3:12  Marine  
  25  3:14  Starport  
  25  3:18  Refinery  
  25  3:20  SCV  
  25  3:23  Supply Depot  
  25  3:24  Factory Tech Lab  
  26  3:30  Marine  
  26  3:32  SCV  
  26  3:33  SCV  
  29  3:45  SCV  
  29  3:48  Marine  
  31  3:57  SCV  
  31  4:01  Engineering Bay  
  32  4:03  Siege Tank  
  32  4:05  Marine  
  32  4:06  Starport Reactor  
  32  4:09  SCV  
  37  4:14  Barracks  
  37  4:17  SCV  
  37  4:21  SCV  
  37  4:23  Marine  
  40  4:30  SCV  
  40  4:31  Terran Infantry Weapons Level 1  
  41  4:35  Barracks  
  41  4:42  SCV, Siege Tank  
  45  4:54  SCV  
  45  4:55  Barracks Tech Lab  
  46  5:06  SCV  
  47  5:07  Barracks Reactor  
  47  5:14  Marine  
  47  5:17  Stimpack  
  47  5:18  SCV  
  48  5:24  Barracks  
  48  5:27  Marine  
  49  5:31  Marine  
  50  5:36  Medivac  
  52  5:43  SCV  
  52  5:44  Marine x2  
  52  5:45  Marine  
  57  5:50  Supply Depot x2  
  57  5:52  Barracks  
  57  5:55  SCV  
  58  5:57  Barracks  
  58  5:59  Barracks, Marauder  
  58  6:02  Marine  
  58  6:03  Marine  
  61  6:08  SCV  
  62  6:11  Medivac  
  62  6:13  Barracks Reactor  
  62  6:14  Supply Depot  
  64  6:18  Marine  
  64  6:20  Marine, Marauder  
  64  6:21  Marine  
  69  6:36  Marine  
  69  6:37  Siege Tank  
  69  6:38  Marine  
  74  6:42  Supply Depot  
  74  6:44  Marine x4  
  74  6:46  Command Center  
  78  6:48  Marine  
  78  6:49  Marine  
  80  6:54  Marine  
  80  6:55  Marine  
  82  7:02  Marine x2  
  82  7:05  Supply Depot  
  84  7:37  Marine  
  84  7:38  Marine x8  
  84  7:40  Supply Depot  
  86  8:03  Marine  
  86  8:04  Marine x8  
  85  8:11  SCV  
  80  8:14  Siege Tank  
  83  8:21  Marine x2  
  83  8:22  Marine x7, Factory  
  83  8:23  SCV  
  83  8:25  Combat Shields  
  93  8:36  SCV  
  93  8:39  Marine x4  
  93  8:40  Marine x5  
  98  8:46  Siege Tank  
  98  8:48  SCV  
  93  8:57  Marine x4  
  97  9:08  Marine x5  
  102  9:14  Factory Tech Lab  
  102  9:15  Marine x3  
  102  9:16  Marine  
  106  9:26  Marine x5  
  111  9:32  Marine  
  111  9:33  Marine x2  
  111  9:34  Marine  
  116  9:41  Planetary Fortress  
  116  9:43  Marine  
  116  9:44  Marine x4  
  116  9:45  Siege Tank  
  123  9:50  Marine x2  
  125  9:53  Supply Depot  
  125  10:00  Orbital Command  
  125  10:15  Marine x5, Siege Tank  
  125  10:16  Marine  
  125  10:20  Supply Depot  
  134  10:24  Marine x3  
  137  10:32  Marine x4  
  141  10:38  Marine  
  141  10:39  Marine  
  141  10:42  Marine x2  
  141  10:57  Marine x7  
  141  11:00  Marine  
  141  11:02  Marine  
  149  11:14  Supply Depot  
  149  11:15  Marine x2  
  149  11:17  Marine  
  149  11:23  Marine  
  149  11:25  Marine  
  149  11:28  Supply Depot  
  149  11:30  Marine x4  
  149  11:32  Marine x2  
  153  11:35  Marine  
  153  11:38  Supply Depot  
  141  11:41  Marine  
  141  11:42  Marine  
Show
View Real Time Build Order
Export as new Build Order

Juxtapose Zerg 

Build Orders: Pool First 

Get SALT Encoding   

  12  0:01  Drone  
  13  0:14  Overlord  
  13  0:19  Drone  
  14  0:34  Drone  
  15  0:41  Spawning Pool  
  15  0:42  Drone  
  15  0:47  Drone  
  16  0:51  Drone  
  16  0:55  Extractor  
  16  0:58  Drone  
  17  1:09  Overlord  
  17  1:20  Drone  
  18  1:27  Queen  
  18  1:32  Drone  
  21  1:41  Drone  
  22  1:57  Drone  
  22  2:01  Extractor  
  21  2:15  Spine Crawler  
  21  2:18  Zergling x4  
  22  2:27  Overlord  
  22  2:52  Drone x2, Zergling x4  
  26  3:01  Queen  
  27  3:18  Hatchery  
  26  3:20  Metabolic Boost  
  27  3:27  Drone, Overlord  
  27  3:28  Baneling Nest  
  27  3:29  Zergling x2  
  28  3:52  Drone  
  28  4:01  Hatchery  
  27  4:03  Drone  
  27  4:04  Lair  
  28  4:22  Drone  
  28  4:23  Drone x2  
  31  4:50  Evolution Chamber  
  31  4:51  Overlord  
  30  4:53  Zergling x2  
  31  5:05  Overseer  
  31  5:17  Queen  
  31  5:19  Drone x2  
  31  5:20  Drone x4  
  39  5:48  Zergling x6  
  39  5:49  Zergling x4  
  44  5:54  Burrow  
  44  6:06  Zerg Ground Armor Level 1, Centrifical Hooks  
  44  6:16  Zergling x6  
  47  6:19  Roach Warren  
  47  6:22  Baneling x2  
  47  6:23  Baneling x8  
  47  6:24  Baneling x2  
  46  6:30  Zergling x8  
  46  6:31  Zergling x16  
  58  6:59  Zergling x2  
  58  7:00  Overlord  
  58  7:01  Overlord  
  59  7:18  Roach  
  59  7:19  Roach x2  
  59  7:20  Roach x4  
  59  7:21  Zergling x2  
  72  7:26  Queen  
  68  8:00  Zerg Melee Weapons Level 1  
  55  8:06  Zergling x12  
  55  8:07  Zergling x12  
  62  8:30  Hydralisk Den  
  43  9:05  Drone x5  
  48  9:16  Muscular Augments  
  48  9:22  Hatchery  
  48  9:24  Infestation Pit  
  46  9:31  Extractor  
  45  9:33  Extractor  
  44  9:41  Ravager x2  
  46  9:53  Roach x2  
  46  9:54  Drone, Roach x4  
  46  9:55  Drone x4  
  63  10:32  Ravager  
  64  10:39  Zergling x14  
  34  10:53  Zergling x8  
  34  10:54  Zergling x2  
  26  11:10  Baneling x2  
  26  11:11  Baneling x4  
  24  11:14  Queen  
  24  11:15  Zergling x4  
Tags
 
Composition
MMM Bio
League
Gold
Matchup
TvZ
Opening
Pool First
Spawn Locations
Cross Positions
Add a new tag
Caveats
  • Supply blocks, unpowered buildings, or Contaminate may cause inaccurate times.
  • Supply counts are checked every 10 seconds.